 Dungeon Crawl Stone Soup version 0.23-a0-436-g57debff (webtiles) character file.

29592 Azzok the Eclecticist (level 13, 0/63 HPs)
             Began as a Deep Elf Fire Elementalist on Nov 16, 2018.
             Was an Elder of Vehumet.
             Slain by Rupert
             ... wielding a +2 battleaxe of flaming
              (14 damage)
             ... while paralysed by Rupert
             ... on level 4 of the Lair of Beasts.
             The game lasted 00:32:32 (20449 turns).

Azzok the Eclecticist (Deep Elf Fire Elementalist) Turns: 20449, Time: 00:32:34

Health: 0/63       AC:  6    Str:  5    XL:     13   Next: 16%
Magic:  8/34       EV:  2    Int: 28    God:    Vehumet [****..]
Gold:   1234       SH:  0    Dex: 15    Spells: 22/42 levels left

rFire    + . .     SeeInvis .   b - staff of energy
rCold    . . .     Gourm    .   o - +0 buckler
rNeg     + . .     Faith    .   P - +0 robe {rN+}
rPois    .         Spirit   .   h - +1 helmet
rElec    .         Reflect  +   D - +0 cloak
rCorr    .         Harm     .   (no gloves)
MR       +....                  O - +0 pair of boots {run}
Stlth    ++........             g - +6 amulet of reflection
HPRegen  0.20/turn              v - +2 ring of intelligence
MPRegen  0.24/turn              r - ring of protection from fire

@: paralysed, quick
A: no striking features
a: Renounce Religion


You were on level 4 of the Lair of Beasts.
You worshipped Vehumet.
Vehumet was greatly pleased with you.
You were not hungry.

You visited 2 branches of the dungeon, and saw 15 of its levels.

You collected 1234 gold pieces.

Inventory:

Hand Weapons
 a - the +9 long sword "Biho" {freeze, rN++ MR++ Dex+2}
   (You took it off an orc warrior on level 8 of the Dungeon)

   It has been specially enchanted to freeze those struck by it, causing extra
   injury to most foes and up to half again as much damage against particularly
   susceptible opponents.
   It can also slow down cold-blooded creatures.
   It affects your dexterity (+2).
   It greatly protects you from negative energy.
   It affects your resistance to hostile enchantments.
Armour
 h - a +1 helmet (worn)
 o - a +0 buckler (worn)
 D - a +0 cloak (worn)
 O - a +0 pair of boots of running (worn)
 P - a +0 robe of positive energy (worn)
Magical Staves
 b - an uncursed staff of energy (weapon)
 s - an uncursed staff of poison
Jewellery
 g - a +6 amulet of reflection (around neck)
 p - an uncursed ring of protection from magic
 r - a ring of protection from fire (right hand)
 v - a +2 ring of intelligence (left hand)
 F - an uncursed ring of ice
Wands
 f - a wand of enslavement (14)
 u - a wand of digging (4)
 B - a wand of paralysis (28)
 C - a wand of scattershot (5)
 E - a wand of random effects (10)
Scrolls
 d - a scroll of remove curse
 e - 3 scrolls of blinking
 m - 3 scrolls of magic mapping {unknown}
 n - 2 scrolls of fear {unknown}
 w - 2 scrolls of immolation {unknown}
 y - 2 scrolls of enchant armour {unknown}
 z - a scroll of silence {unknown}
 A - 4 scrolls of teleportation
 I - a scroll of amnesia {unknown}
 J - a scroll of fog {unknown}
 K - a scroll of summoning {unknown}
 L - a scroll of vulnerability {unknown}
 N - a scroll of enchant weapon {unknown}
 Q - a scroll of identify
Potions
 i - a potion of magic
 j - 2 potions of mutation {!q}
 k - 6 potions of curing
 l - 2 potions of flight
 q - a potion of ambrosia
 t - 2 potions of berserk rage
 x - 3 potions of haste
 H - 3 potions of agility
 M - 3 potions of cancellation
Comestibles
 c - 30 rations


   Skills:
 - Level 5.0 Dodging
 - Level 2.4 Stealth
 - Level 4.1 Shields
 + Level 15.1 Spellcasting
 + Level 12.8 Conjurations
 + Level 13.1 Fire Magic
 - Level 7.0 Evocations


You had 22 spell levels left.
You knew the following spells:

 Your Spells              Type           Power        Failure   Level  Hunger
a - Flame Tongue          Conj/Fire      #####        0%          1    None
b - Conjure Flame         Conj/Fire      #######.     1%          3    None
c - Sticky Flame          Conj/Fire      #######.     1%          4    None
d - Fireball              Conj/Fire      #######...   1%          5    None
e - Orb of Destruction    Conj           #######...   3%          7    None

Your spell library contained the following spells:

 Spells                   Type           Power        Failure   Level  Hunger
 Throw Icicle             Conj/Ice       ######..     1%          4    None
 Throw Flame              Conj/Fire      ######       0%          2    None
 Inner Flame              Hex/Fire       ######..     1%          3    None
 Bolt of Magma            Conj/Fire/Erth ######....   1%          5    None
 Iskenderun's Battlesphe  Conj/Chrm      ######..     1%          5    None
 Venom Bolt               Conj/Pois      ######....   1%          5    None
 Apportation              Tloc           ###...       2%          1    None
 Pain                     Necr           ###.         2%          1    None
 Summon Butterflies       Summ           ###.....     2%          1    None
 Lesser Beckoning         Tloc           ###.......   7%          3    None
 Tukima's Dance           Hex            ###.....     7%          3    None
 Iron Shot                Conj/Erth      ######....   7%          6    None
 Summon Ice Beast         Ice/Summ       ###.....     24%         4    None
 Spellforged Servitor     Conj/Summ      ######....   34%         7    None
 Alistair's Intoxication  Tmut/Pois      ###.....     54%         5    None
 Invisibility             Hex            ###.....     98%         6    None
 Dragon's Call            Summ           ###.......   100%        9    None


Dungeon Overview and Level Annotations

Branches:
Dungeon (11/15)            Temple (0/1) D:6            Lair (4/6) D:8
 Shoals (0/4) Lair:3          Orc (0/2) D:9
  Snake: Lair:2-4    Spider: Lair:2-4

Altars:
Cheibriados
Dithmenos
Fedhas
Gozag
Kikubaaqudgha
Makhleb
Nemelex Xobeh
Okawaru
Sif Muna
Vehumet
Yredelemnul
The Shining One
Beogh

Shops:
D:6 !   D:9 *

Annotations:
D:6 2 transporters, Menkaure
Lair:4 Rupert


Message History

Casting: Orb of Destruction (safe; 3% risk of failure)
Confirm with . or Enter, or press ? or * to list all spells.
Aiming: Orb of Destruction (safe; 3% risk of failure)
Press: ? - help, Shift-Dir - straight line, f/p - Rupert
Aim: Rupert, wielding a +2 battleaxe of flaming, wearing a cursed +0 scale mail
* * * LOW MAGIC WARNING * * *
Rupert roars wildly at you.
You suddenly lose the ability to move!
The orb of destruction hits Rupert.
Rupert is almost dead.
Rupert roars madly and goes into a rage!
Rupert goes berserk!
Rupert hits you with a +2 battleaxe of flaming!!
Rupert burns you.
Rupert hits you with a +2 battleaxe of flaming!!
* * * LOW HITPOINT WARNING * * *
Rupert burns you.
* * * LOW HITPOINT WARNING * * *
Rupert hits you with a +2 battleaxe of flaming!
You die...

▒·▒·············▒▒▒····▒··▒·▒····
▒▒▒▒P············P▒▒···▒▒···▒▒P·▒
▒▒▒··▒·▒·▒········▒·▒▒▒···▒··▒
▒▒▒▒▒▒▒▒▒▒····P·▒▒▒···▒▒▒▒▒▒
▒▒·····▒···▒··▒ ▒▒· ·▒▒
▒·▒····▒▒··▒▒▒▒ ▒··
····▒▒▒······▒··▒··▒▒▒··
······▒··▒····▒·▒··▒·▒··
······@@▒▒···▒▒·▒·▒▒····
········▒····▒·····▒···▒
········▒▒▒··▒···▒··▒···
·········▒▒·P▒▒··▒▒·····
·······▒▒▒··▒▒▒···▒··▒·· ······)
▒▒·▒···▒·▒▒·▒·· ···▒···
▒▒▒·▒▒▒·▒··▒···· ▒··▒···
▒·▒···▒▒▒··▒▒··· ▒▒······▒···▒···


You could see Rupert (berserk).

Vanquished Creatures
  An ogre mage (D:9)
  A hydra (Lair:3)
  A catoblepas (Lair:4)
  A centaur warrior (D:9)
  5 two-headed ogres
  4 death yaks (Lair:4)
  A fire crab (D:9)
  An ugly thing (D:9)
  A manticore (D:9)
  A merfolk siren (Lair:3)
  A black mamba (Lair:2)
  4 spiny frogs
  A gargoyle (D:11)
  4 komodo dragons
  2 trolls
  3 merfolk (Lair:3)
  Grinder (D:5)
  Prince Ribbit (D:7)
  4 blink frogs (Lair:3)
  5 hippogriffs
  4 hogs (D:8)
  19 yaks
  5 wyverns
  A human (D:8)
  Grum (Lair:1)
  A hungry ghost (D:7)
  A steam dragon (D:10)
  Edmund (D:4)
  5 water moccasins
  5 porcupines
  4 ice beasts
  7 orc warriors
  A phantom (D:9)
  4 sky beasts
  A necrophage (D:9)
  5 ogres
  13 wolves
  9 crocodiles
  3 centaurs
  2 big kobolds
  11 bullfrogs
  3 scorpions
  8 killer bees
  14 wights
  4 howler monkeys
  3 crimson imps
  4 orc priests
  2 hounds
  A jelly (D:7)
  A quasit (D:10)
  9 orc wizards
  2 bullfrog skeletons
  A centaur skeleton (D:9)
  2 iguanas
  12 worker ants
  2 hound skeletons
  14 adders
  3 shadow imps
  An ooze (D:2)
  2 adder skeletons
  A worm (D:4)
  3 dart slugs
  7 leopard geckos
  63 orcs
  4 bats
  7 giant cockroaches
  4 goblins
  8 hobgoblins
  11 jackals
  7 quokkas
  4 frilled lizards
  A jackal skeleton (D:6)
  30 kobolds
  5 rats
  A fungus (D:8)
390 creatures vanquished.

Vanquished Creatures (others)
  A yaktaur captain (D:9)
  22 bushes (D:9)
  13 fungi
  5 plants
41 creatures vanquished.

Grand Total: 431 creatures vanquished

Notes
Turn   | Place    | Note
-------+----------+-------------------------------------------
     0 | D:1      | Azzok the Deep Elf Fire Elementalist began the quest for
                  | the Orb.
     0 | D:1      | Reached XP level 1. HP: 10/10 MP: 6/6
   265 | D:1      | Reached XP level 2. HP: 11/15 MP: 2/8
  1175 | D:2      | Reached XP level 3. HP: 19/19 MP: 8/10
  1411 | D:2      | Reached skill level 4 in Spellcasting
  1763 | D:2      | Found a glowing golden altar of the Shining One.
  1996 | D:3      | Reached XP level 4. HP: 23/24 MP: 1/12
  3212 | D:4      | Reached XP level 5. HP: 17/28 MP: 8/14
  3218 | D:4      | Learned a level 4 spell: Sticky Flame
  3652 | D:4      | Reached skill level 5 in Spellcasting
  3770 | D:4      | Learned a level 3 spell: Conjure Flame
  3907 | D:4      | Noticed an ogre
  3912 | D:4      | Killed an ogre
  3912 | D:4      | Reached skill level 5 in Fire Magic
  3912 | D:4      | Reached XP level 6. HP: 32/32 MP: 7/16
  4176 | D:5      | Entered Level 5 of the Dungeon
  4234 | D:5      | Noticed Grinder
  4241 | D:5      | Killed Grinder
  4241 | D:5      | Reached skill level 6 in Spellcasting
  4475 | D:5      | Reached XP level 7. HP: 33/36 MP: 11/18
  4535 | D:5      | Noticed Edmund
  4659 | D:4      | Killed Edmund
  4659 | D:4      | Reached skill level 5 in Conjurations
  4761 | D:5      | Reached skill level 7 in Spellcasting
  5251 | D:5      | Found a radiant altar of Vehumet.
  5252 | D:5      | Found a burning altar of Makhleb.
  5358 | D:5      | Became a worshipper of Vehumet
  5725 | D:5      | Found a sparkling altar of Nemelex Xobeh.
  5802 | D:6      | Found a staircase to the Ecumenical Temple.
  5923 | D:6      | Reached XP level 8. HP: 41/41 MP: 17/21
  6034 | D:6      | Found a transporter.
  6037 | D:6      | Found an ancient bone altar of Kikubaaqudgha.
  6039 | D:6      | Noticed Menkaure
  6041 | D:6      | Found a basalt altar of Yredelemnul.
  6062 | D:6      | Reached skill level 8 in Spellcasting
  6464 | D:6      | Found an iron altar of Okawaru.
  6780 | D:6      | Found Esishresu's Distillery.
  6963 | D:6      | Found a snail-covered altar of Cheibriados.
  7003 | D:6      | Found a transporter.
  7292 | D:7      | Learned a level 5 spell: Fireball
  7383 | D:7      | Reached skill level 9 in Spellcasting
  7593 | D:7      | Found a shadowy altar of Dithmenos.
  7654 | D:7      | Reached XP level 9. HP: 45/45 MP: 17/24
  7988 | D:7      | Reached * piety under Vehumet
  7988 | D:7      | Offered knowledge of Sandblast by Vehumet.
  8480 | D:7      | Found a blossoming altar of Fedhas.
  8513 | D:7      | Noticed Prince Ribbit
  8516 | D:7      | Killed Prince Ribbit
  8516 | D:7      | Reached skill level 1 in Evocations
  8989 | D:8      | Reached skill level 1 in Shields
  9361 | D:8      | Reached skill level 10 in Spellcasting
  9606 | D:8      | Reached ** piety under Vehumet
  9606 | D:8      | Offered knowledge of Searing Ray by Vehumet.
  9756 | D:8      | Found a roughly hewn altar of Beogh.
  9847 | D:8      | Identified the +9 long sword "Biho" {freeze, rN++ MR++
                  | Dex+2}
 10012 | D:8      | Noticed a two-headed ogre
 10016 | D:8      | Killed a two-headed ogre
 10016 | D:8      | Reached XP level 10. HP: 50/50 MP: 10/26
 10490 | D:8      | Offered knowledge of Throw Frost by Vehumet.
 10658 | D:8      | Found a deep blue altar of Sif Muna.
 10780 | D:8      | Found a staircase to the Lair.
 10918 | D:8      | Reached skill level 11 in Spellcasting
 11196 | D:8      | Reached *** piety under Vehumet
 11502 | D:9      | Noticed a two-headed ogre
 11506 | D:9      | Reached skill level 5 in Evocations
 11513 | D:9      | Killed a two-headed ogre
 11513 | D:9      | Reached skill level 10 in Fire Magic
 11774 | D:9      | Offered knowledge of Stone Arrow by Vehumet.
 11885 | D:9      | Reached XP level 11. HP: 54/54 MP: 6/28
 11899 | D:9      | Noticed a purple ugly thing
 11929 | D:9      | Killed a purple ugly thing
 12094 | D:9      | Found a staircase to the Orcish Mines.
 12169 | D:9      | Found an opulent altar of Gozag.
 12293 | D:9      | Found Niaroext's General Store.
 12327 | D:10     | Entered Level 10 of the Dungeon
 12445 | D:10     | Noticed a two-headed ogre
 12454 | D:10     | Killed a two-headed ogre
 12454 | D:10     | Reached skill level 10 in Conjurations
 12632 | D:10     | Reached skill level 12 in Spellcasting
 12737 | D:10     | Noticed a two-headed ogre
 12743 | D:10     | Killed a two-headed ogre
 13027 | D:10     | Reached **** piety under Vehumet
 13508 | D:10     | Offered knowledge of Lightning Bolt by Vehumet.
 14423 | D:11     | Noticed a two-headed ogre
 14433 | D:11     | Killed a two-headed ogre
 15449 | D:9      | Noticed an ogre mage
 15453 | D:9      | Killed an ogre mage
 15453 | D:9      | Reached skill level 5 in Dodging
 15453 | D:9      | Identified the +3 hand axe "Wagyhaph" {pain, rC+}
 15453 | D:9      | Noticed a centaur warrior
 15457 | D:9      | Killed a centaur warrior
 15553 | D:9      | Noticed a fire crab
 15630 | D:8      | Learned a level 7 spell: Orb of Destruction
 15649 | D:9      | Killed a fire crab
 15649 | D:9      | Reached skill level 13 in Spellcasting
 15786 | D:9      | Reached XP level 12. HP: 59/59 MP: 19/31
 15862 | D:9      | Noticed a yaktaur captain
 15866 | D:9      | Killed a yaktaur captain
 16101 | D:9      | Identified the Volume of the Evil Entourage
 16161 | D:9      | Reached ***** piety under Vehumet
 16295 | Lair:1   | Entered Level 1 of the Lair of Beasts
 16470 | Lair:1   | Noticed Grum
 16480 | Lair:1   | Killed Grum
 17085 | Lair:2   | Offered knowledge of Throw Icicle by Vehumet.
 18300 | Lair:3   | Reached skill level 14 in Spellcasting
 18928 | Lair:3   | Noticed a seven-headed hydra
 18933 | Lair:3   | Killed a seven-headed hydra
 19086 | Lair:3   | Found a staircase to the Shoals.
 19545 | Lair:4   | Noticed a catoblepas
 19551 | Lair:4   | Killed a catoblepas
 19641 | Lair:4   | Noticed a death yak
 19641 | Lair:4   | Noticed a death yak
 19641 | Lair:4   | Noticed a death yak
 19750 | Lair:4   | Identified a +0 pair of boots of running (You found it on
                  | level 4 of the Lair of Beasts)
 19859 | Lair:4   | Killed a death yak
 19859 | Lair:4   | Reached XP level 13. HP: 63/63 MP: 14/33
 19962 | Lair:4   | Reached skill level 15 in Spellcasting
 20437 | Lair:4   | Noticed Rupert
 20443 | Lair:4   | Paralysed by Rupert for 7 turns
 20449 | Lair:4   | Slain by Rupert

Vault maps used:
D:1:      roderic_crossed_star, minmay_domino_4
D:2:      tso_oasis_becter, serial_curves, eino_curves_04, eino_curves_04
D:3:      kennysheep_generic_room_16
D:4:      minmay_door_path, first_ration
D:5:      grunt_temple_overflow_lords_of_destruction,
          lemuel_coloured_pillars_altar, uniq_grinder, uniq_edmund
D:6:      gammafunk_temple_of_torment, okawaru_metal_pillars_3,
          kennysheep_mini_moat, minmay_temple_entry_large_hall, serial_curves,
          eino_curves_04, eino_curves_03, serial_shops, shop,
          hangedman_decor_growths, minivault_22, minmay_misc_feat_five,
          minmay_misc_feat_encased
D:7:      kennysheep_kobold_camp, nicolae_dithmenos_shadow_blocks,
          fedhas_altar_fruit_tree, uniq_menkaure, uniq_prince_ribbit1
D:8:      lemuel_blue_sif_altar, grunt_lair_entry_orc_guard_hut, special_room,
          grunt_ministairs_2, grunt_livestock
D:9:      minmay_sliced_demisemicircle,
          nicolae_gozag_cash_rules_everything_around_me, orc_0_dummy,
          serial_shops, kennysheep_mini, minmay_hedge_maze,
          minmay_misc_feat_rows
Lair:1:   uniq_grum
Lair:2:   patterned_corridor, lemuel_fruit_fields, serial_bayou_shore_b
Lair:3:   elwin_shoals_entry_stream, lemuel_fruit_fields, lemuel_fruit_tree
Lair:4:   beast_lair_carwin_large_4, dummy_spider_entry, minivault_24,
          uniq_rupert

Skill      XL: |  1  2  3  4  5  6  7  8  9 10 11 12 13 |
---------------+----------------------------------------+-----
Conjurations   | 2 3 4 5 7 8 9 11 12 | 12.8
Spellcasting   | 4 5 6 7 9 10 11 13 14 15 | 15.1
Fire Magic     | 4 5 6 8 9 10 11 12 13 | 13.1
Evocations     | 3 5 7 |  7.0
Shields        | 2 4 |  4.1
Dodging        | 5 |  5.0
Stealth        | |  2.4

Action                   |  1- 3 |  4- 6 |  7- 9 | 10-12 | 13-15 || total
-------------------------+-------+-------+-------+-------+-------++-------
Melee: Unarmed           |       |     2 |       |       |       ||     2
       Flail             |       |       |   195 |       |       ||   195
       Staff             |       |       |       |    13 |       ||    13
       Long sword        |       |       |       |     3 |       ||     3
 Cast: Flame Tongue      |    74 |    86 |   137 |   197 |     1 ||   495
       Conjure Flame     |       |     1 |     1 |     5 |       ||     7
       Sticky Flame      |       |     2 |    32 |    38 |     1 ||    73
       Fireball          |       |       |    36 |   172 |     5 ||   213
       Orb of Destructio |       |       |       |     8 |    10 ||    18
Evoke: Staff of energy   |       |       |       |     8 |       ||     8
  Use: Scroll            |       |     2 |       |    16 |       ||    18
       Potion            |       |       |       |     1 |     1 ||     2
  Eat: Chunk             |     2 |     7 |    19 |    27 |     2 ||    57
       Ration            |       |       |     1 |     1 |       ||     2
Armor: Robe              |    14 |     4 |    73 |     8 |       ||    99
Dodge: Dodged            |    24 |    15 |   149 |    36 |       ||   224
Block: Other             |     7 |    13 |    65 |     1 |       ||    86
       Reflection        |       |     1 |     6 |     4 |       ||    11
       Buckler           |       |       |       |    42 |     2 ||    44
       Rpst.: Long sword |       |       |       |     2 |       ||     2

Table legend:
 A = Non-vault XP
 B = Vault XP
 C = Vault XP percentage of total XP
 D = Non-vault monster count
 E = Vault monster count
 F = Vault count percentage of total count
                 A         B        C        D         E       F
            +---------+---------+-------+---------+---------+-------
      Total |   24931 |   17344 |  41.0 |     286 |     104 |  26.7
            +---------+---------+-------+---------+---------+-------
        D:1 |      21 |       8 |  27.6 |      12 |       4 |  25.0
        D:2 |      48 |       0 |   0.0 |      16 |       0 |   0.0
        D:3 |      71 |       3 |   4.1 |      23 |       2 |   8.0
        D:4 |     256 |     199 |  43.7 |      13 |       3 |  18.8
        D:5 |     540 |     277 |  33.9 |      11 |       1 |   8.3
        D:6 |     921 |       0 |   0.0 |      18 |       0 |   0.0
        D:7 |     681 |     391 |  36.5 |      15 |      22 |  59.5
        D:8 |    2071 |    2294 |  52.6 |      27 |      36 |  57.1
        D:9 |    3379 |    6009 |  64.0 |      34 |      13 |  27.7
       D:10 |    3601 |       0 |   0.0 |      39 |       0 |   0.0
       D:11 |    2721 |     107 |   3.8 |      29 |       1 |   3.3
     Lair:1 |     748 |     641 |  46.1 |       3 |       5 |  62.5
     Lair:2 |    3510 |       0 |   0.0 |      18 |       0 |   0.0
     Lair:3 |    5226 |    1397 |  21.1 |      23 |       4 |  14.8
     Lair:4 |    1137 |    6018 |  84.1 |       5 |      13 |  72.2
            +---------+---------+-------+---------+---------+-------
